 Dungeon Crawl Stone Soup version 0.21.1-1-g345015fe64 (webtiles) character file.

1004 Naru the Cleaver (level 8, 0/70 HPs)
             Began as a Hill Orc Monk on June 20, 2018.
             Was a Believer of Beogh.
             Slain by a two-headed ogre
             ... wielding a +0 dire flail
              (11 damage)
             ... on level 5 of the Dungeon.
             The game lasted 00:10:16 (5083 turns).

Naru the Cleaver (Hill Orc Monk)                    Turns: 5083, Time: 00:10:17

Health: 0/70       AC: 14    Str: 14    XL:     8   Next: 20%
Magic:  0/8        EV:  7    Int: 12    God:    Beogh [**....]
Gold:   252        SH:  4    Dex: 18    Spells: 7/7 levels left

rFire    . . .     SeeInvis .   a - +1 hand axe
rCold    . . .     Gourm    .   n - +0 buckler
rNeg     . . .     Faith    .   k - +0 chain mail
rPois    .         Spirit   +   m - +1 helmet
rElec    .         Reflect  .   o - scarf {Spirit}
rCorr    .         Harm     .   i - +2 pair of gloves
MR       .....                  (no boots)
Stlth    ..........             (no amulet)
HPRegen  0.21/turn              g - +6 ring of slaying
MPRegen  0.11/turn              v - +5 ring of dexterity

@: no status effects
A: no striking features
a: Smiting, Renounce Religion


You were on level 5 of the Dungeon.
You worshipped Beogh.
Beogh was pleased with you.
You were not hungry.

You visited 1 branch of the dungeon, and saw 6 of its levels.
You also visited: Sewer.

You collected 252 gold pieces.

Inventory:

Hand Weapons
 a - a +1 hand axe (weapon)
 w - the cursed +3 hunting sling "Cinofilo" {freeze, Str+6}
   (You found it on level 6 of the Dungeon)

   It causes projectiles fired from it to freeze those they strike, causing
   extra injury to most foes and up to half again as much damage against
   particularly susceptible opponents.
   They can also slow down cold-blooded creatures.
   It affects your strength (+6).
   It has a curse placed upon it.
Missiles
 r - 12 tomahawks (quivered)
Armour
 i - a +2 pair of gloves (worn)
 k - a +0 chain mail (worn)
 m - a +1 helmet (worn)
 n - a +0 buckler (worn)
 o - a scarf of spirit shield (worn)
Jewellery
 g - a +6 ring of slaying (left hand)
 p - an uncursed ring of protection from fire
 v - a +5 ring of dexterity (right hand)
Scrolls
 b - a scroll of amnesia
 d - 3 scrolls of teleportation
 h - 7 scrolls of identify
 l - 2 scrolls of remove curse
 x - a scroll of fog
Potions
 e - 3 potions of haste
 f - 3 potions of curing
 j - a potion of berserk rage
 q - a potion of might
 s - a potion of degeneration
 t - a potion of cancellation
 u - a potion of agility
Books
 y - a book of Flames

   Spells                             Type                      Level
   a - Flame Tongue                   Conjuration/Fire             1
   b - Throw Flame                    Conjuration/Fire             2
   c - Conjure Flame                  Conjuration/Fire             3
   d - Inner Flame                    Hexes/Fire                   3
   e - Sticky Flame                   Conjuration/Fire             4
   f - Fireball                       Conjuration/Fire             5
Comestibles
 c - 10 rations


   Skills:
 * Level 5.8 Fighting
 * Level 10.3 Axes
 + Level 3.2 Armour
 + Level 3.0 Dodging
 - Level 1.8 Stealth
 * Level 0.8 Shields


You had 7 spell levels left.
You didn't know any spells.

Dungeon Overview and Level Annotations

Branches:
Dungeon (6/15)             Temple (0/1) D:4

Altars:
Makhleb
Trog


Message History

The hound barks!
You hit the two-headed ogre.
The two-headed ogre is moderately wounded.
You slash the two-headed ogre!
The two-headed ogre is heavily wounded.
The two-headed ogre hits you with a dire flail!
You block the two-headed ogre's attack.
You hit the two-headed ogre.
The two-headed ogre is heavily wounded.
The two-headed ogre hits you with a dire flail!
The two-headed ogre hits you with a giant spiked club!
* * * LOW HITPOINT WARNING * * *
A mysterious force pulls you upwards. The hatch slams shut behind you.
You can't go up here!
Unknown command.
You feel better. You block the two-headed ogre's attack.
The two-headed ogre hits you with a giant spiked club!!
* * * LOW HITPOINT WARNING * * *
The two-headed ogre hits you with a dire flail!
You die...

# #..>.<.# ####### ### #......#
#.. #......# #.. ########## #..
#.......# #.. ##
#.......###################### .#
#.......#.....................
.###.......#.####################
...'.......#.#.O@.#
.###.......#.#.##.# .#
#.......#.#.##.#
.###.......#......#
.......#...###.#### ######.#.###
#.# ######.#.# #.# .........# #.#
####.....# #.#


You could see a two-headed ogre.

Vanquished Creatures
  An orc warrior (D:6)
  A big kobold (Sewer)
  A howler monkey (D:4)
  4 crimson imps
  3 jellies
  A hound (D:4)
  An orc wizard (D:4)
  A bullfrog skeleton (D:6)
  A centaur skeleton (D:5)
  4 worker ants
  2 iguanas
  2 hound skeletons
  7 adders
  4 river rats
  A shadow imp (D:6)
  10 oozes
  A worm (D:2)
  5 dart slugs
  3 leopard geckos
  7 orcs
  2 ball pythons (D:4)
  4 bats
  4 giant cockroaches
  6 goblins
  7 hobgoblins
  11 jackals
  19 kobolds
  4 quokkas
  9 frilled lizards
  A quokka skeleton (D:4)
  11 rats
138 creatures vanquished.

Vanquished Creatures (others)
  A wyvern skeleton (D:6)
  A hound (D:6)
  A leopard gecko (D:6)
  4 orcs (D:6)
  A jackal (D:6)
  A fungus (D:2)
  10 toadstools (D:2)
19 creatures vanquished.

Grand Total: 157 creatures vanquished

Notes
Turn   | Place    | Note
-------+----------+-------------------------------------------
     0 | D:1      | Naru the Hill Orc Monk began the quest for the Orb.
     0 | D:1      | Reached XP level 1. HP: 19/19 MP: 1/1
   182 | D:1      | Reached XP level 2. HP: 27/27 MP: 2/2
   605 | D:2      | Found a bloodstained altar of Trog.
   824 | D:2      | Reached XP level 3. HP: 23/33 MP: 3/3
  1198 | D:2      | Reached skill level 5 in Axes
  1276 | D:2      | Reached XP level 4. HP: 36/41 MP: 4/4
  1334 | D:2      | Reached skill level 6 in Axes
  1334 | D:2      | Reached XP level 5. HP: 34/47 MP: 5/5
  1392 | D:2      | Reached skill level 1 in Armour
  1885 | D:3      | Reached skill level 7 in Axes
  2052 | D:3      | Found a burning altar of Makhleb.
  2097 | D:3      | Reached XP level 6. HP: 53/53 MP: 6/6
  2807 | D:4      | Reached skill level 8 in Axes
  2810 | D:4      | Found a staircase to the Ecumenical Temple.
  3026 | D:4      | Found a glowing drain.
  3040 | D:4      | Reached XP level 7. HP: 60/60 MP: 7/7
  3049 | Sewer    | Entered a sewer
  3171 | Sewer    | Reached skill level 5 in Fighting
  3455 | D:4      | Reached skill level 9 in Axes
  3644 | D:5      | Entered Level 5 of the Dungeon
  4736 | D:6      | Became a worshipper of Beogh the Brigand
  4736 | D:6      | Reached * piety under Beogh
  4736 | D:6      | Reached ** piety under Beogh
  4745 | D:6      | Reached skill level 10 in Axes
  4748 | D:6      | Got a smoking hunting sling
  4753 | D:6      | Identified the cursed +3 hunting sling "Cinofilo" {freeze, Str+6} (You found it on level 6 of the Dungeon)
  4775 | D:6      | Reached XP level 8. HP: 70/70 MP: 8/8
  5064 | D:6      | Noticed a two-headed ogre
  5083 | D:5      | Slain by a two-headed ogre

Skill      XL: |  1  2  3  4  5  6  7  8 |
---------------+-------------------------+-----
Fighting       | 4 5 |  5.8
Axes           | 5 6 7 8 10 | 10.3
Armour         | 1 2 3 |  3.2
Dodging        | 3 |  3.0
Stealth        | |  1.8
Shields        | |  0.8

Action                   |  1- 3 |  4- 6 |  7- 9 || total
-------------------------+-------+-------+-------++-------
Melee: Hand axe          |   117 |   170 |   138 ||   425
Invok: Convert to Beogh  |       |       |     1 ||     1
  Use: Scroll            |       |     8 |    12 ||    20
       Potion            |       |       |     1 ||     1
 Stab: Sleeping          |     4 |       |       ||     4
  Eat: Ration            |     1 |       |     1 ||     2
       Chunk             |       |     4 |     3 ||     7
Armor: Robe              |    18 |       |       ||    18
       Chain mail        |    47 |    66 |    85 ||   198
Dodge: Dodged            |    50 |    48 |    45 ||   143
Block: Buckler           |     3 |    12 |    18 ||    33
